 Dungeon Crawl Stone Soup version 0.17-a0-1760-ga6756ae (webtiles) character file.

126 kosy22 the Vexing (level 4, -2/35 HPs)
             Began as a Centaur Arcane Marksman on Sept 3, 2015.
             Slain by a slave (5 damage)
             ... led by Pikel
             ... on level 7 of the Dungeon.
             The game lasted 00:08:24 (2368 turns).

kosy22 the Vexing (Centaur Arcane Marksman)         Turns: 2368, Time: 00:08:24

Health: -2/35      AC:  5    Str: 14    XL:     4   Next: 83%
Magic:  3/5        EV:  9    Int: 12    God:
Gold:   20         SH:  0    Dex:  9    Spells: 2 memorised, 2 levels left

rFire  . . .     SeeInvis .     i - +2 dagger (speed)
rCold  . . .     Clarity  +     g - +0 ring mail
rNeg   . . .     SustAt   .     (no shield)
rPois  .         Gourm    .     (no helmet)
rElec  .         Spirit   .     (no cloak)
rCorr  .         Warding  .     (no gloves)
rMut   .         Stasis   .     (no barding)
MR     .....                    h - amulet of clarity
Stlth  ..........               (no ring)
                                (no ring)

@: very slightly contaminated, very quick, not resistant to hostile
enchantments, extremely unstealthy
A: hooves 3, deformed body, speed 2, tough skin 3
a: no special abilities


You were on level 7 of the Dungeon.
You were very full.

You visited 1 branch of the dungeon, and saw 7 of its levels.

You collected 20 gold pieces.

Inventory:

Hand weapons
 a - a +0 hunting sling
 i - a +2 dagger of speed (weapon)
 k - a cursed -3 spear
Missiles
 b - 19 sling bullets
 f - 21 stones (quivered)
Armour
 c - a +0 robe
 g - a +0 ring mail (worn)
Jewellery
 h - an amulet of clarity (around neck)
Magical devices
 j - a wand of random effects (10)
Books
 d - a book of Debilitation

   Spells                             Type                      Level
   a - Corona                         Hexes                        1
   b - Slow                           Hexes                        2
   c - Gell's Gravitas                Hexes/Translocation          3
   d - Inner Flame                    Hexes/Fire                   3
   e - Cause Fear                     Hexes                        4
   f - Leda's Liquefaction            Hexes/Earth                  4
Comestibles
 e - a bread ration


   Skills:
 + Level 1.4 Fighting
 + Level 0.1 Short Blades
 + Level 2.4 Slings
 + Level 1.8 Armour
 + Level 2.5 Dodging
 + Level 1.0 Spellcasting
 + Level 3.1 Hexes


You had 2 spell levels left.
You knew the following spells:

 Your Spells              Type           Power        Failure   Level  Hunger
a - Corona                Hex            #......      21%         1    ##.....
b - Slow                  Hex            #.......     30%         2    ###....


Dungeon Overview and Level Annotations

Branches:
Dungeon (7/15)
 Temple: D:4-7

Altars:
Dithmenos

Annotations:
D:6 Pikel


Innate Abilities, Weirdness & Mutations

You have hooves in place of feet.
Armour fits poorly on your strangely shaped body.
You cover ground very quickly.
You have extremely tough skin (AC +3).


Message History

You hit the slave. Your kick misses the slave.
The slave is moderately wounded.
The slave barely misses you.
You hit the slave.
The slave is moderately wounded.
The orc wizard mumbles some strange words.
The orc wizard flickers and vanishes!
The slave closely misses you.
You closely miss the slave.
The slave is moderately wounded.
You hear some strange, mumbled words.
Something tries to affect you, but you resist.
You barely miss the slave.
The slave is moderately wounded.
The slave hits you but does no damage.
You closely miss the slave.
The slave is moderately wounded.
Something hits you.
* * * LOW HITPOINT WARNING * * *
The slave hits you.
You die...

..#.##...
..#....
......
.....
...# ..#
#p# #@#
##{# .#
.# .. .#
##


You could see a slave.

Vanquished Creatures
  The ghost of kosy22 the Sneak, an average KoEn (D:3)
  A worker ant (D:4)
  An adder (D:3)
  An adder skeleton (D:4)
  2 giant geckos (D:2)
  An orc (D:3)
  2 giant cockroaches
  A bat (D:2)
  3 giant newts (D:1)
  2 goblins
  4 kobolds
  2 quokkas
  3 rats (D:1)
24 creatures vanquished.

Notes
Turn   | Place    | Note
--------------------------------------------------------------
     0 | D:1      | kosy22 the Centaur Arcane Marksman began the quest for the Orb.
     0 | D:1      | Reached XP level 1. HP: 16/16 MP: 2/2
   338 | D:1      | Reached skill level 3 in Hexes
   441 | D:1      | Reached XP level 2. HP: 20/23 MP: 3/3
   471 | D:1      | Learned a level 2 spell: Slow
   705 | D:2      | Found a shadowy altar of Dithmenos.
   975 | D:3      | Noticed kosy22's ghost (average KoEn)
  1462 | D:3      | Killed kosy22's ghost
  1462 | D:3      | Reached skill level 1 in Armour
  1462 | D:3      | Reached XP level 3. HP: 20/28 MP: 4/4
  1462 | D:3      | Reached XP level 4. HP: 25/35 MP: 5/5
  2017 | D:4      | HP: 1/35 [poisoned by a worker ant]
  2334 | D:5      | Entered Level 5 of the Dungeon
  2353 | D:6      | Noticed a slave
  2356 | D:6      | Noticed Pikel
  2356 | D:6      | Noticed a slave
  2360 | D:6      | Noticed a slave
  2368 | D:7      | Slain by a slave

Vault maps used:
D:1:      saegor_arrival_simple_a
D:2:      nicolae_overflow_crystal_walls, zin_treasury, lightli_temple_of_fire,
          eino_curves_03, roderic_aztec_sauvastika, uniq_sigmund
D:3:      lemuel_doored_altar
D:4:      first_bread
D:5:      fedhas_bush_and_centaur_altar, kennysheep_mini
D:6:      old_standard_altar, overflow_temple_1_default, temple_doors_e,
          uniq_pikel
D:7:      old_standard_altar, serial_shops, nicolae_shop_stone, basic_altar

Action                   |  1- 3 |  4- 6 || total
-------------------------+-------+-------++-------
Melee: Hunting sling     |    21 |       ||    21
       Dagger            |    36 |    61 ||    97
 Fire: Hunting sling     |    18 |       ||    18
 Cast: Corona            |     1 |       ||     1
       Slow              |     1 |       ||     1
  Use: Potion            |     3 |       ||     3
       Scroll            |     1 |     1 ||     2
  Eat: Meat ration       |       |     2 ||     2
